AoeStats
← Ken

Arena

509306312Analyzed
4v4 RM · 5d ago on Sep 26, 2026· 10m 40s· 8 players
Game mode
Random Map
Map size
Large (8 player)
Population
200
Speed
Normal
Resources
Standard
Victory
Conquest
Starting age
Dark Age
Ending age
Imperial Age
RankedLock teamsTeams togetherTeam positionsShared explorationLock speedFull tech treeHidden civsTurbo modeCheats
Victory
Defeat
🇨🇳 Franks · China
1043
+13
🇨🇳 Mongols · China
1042
+13
🇨🇳 Danes · China
1034
+14
🇺🇸 Aztecs · United States
1021
+14
🇨🇳 Franks · China
1042
-15
🇩🇪 Gurjaras · Germany
992
-14
🇨🇳 Magyars · China
987
-14
🇦🇺 Italians · Australia
919
-11
TwoHeadedTurtle
6:44 Loom
8:58 Feudal Age
Ken
10:55 Feudal Age
Angry Womble
zcy2825309606
10:55 Feudal Age
Jundi Leads
11:57 Feudal Age
贝贝
12:10 Feudal Age
Lee
9:33 Feudal Age
秦大大
11:25 Feudal Age
Connection lost

Rejoining the realm…

Still unreachable

The connection could not be restored.

Session expired

The server has moved on; the page needs a fresh start.